 Dungeon Crawl Stone Soup version 0.28-a0-653-g7e9dba17c3 (webtiles) character file.

Game seed: 8152351430439032276

102 Gargoyl the Skirmisher (level 4, 0/41 HPs)
             Began as a Gnoll Abyssal Knight on Oct 12, 2021.
             Was a Believer of Lugonu.
             Slain by Grinder (2 damage)
             ... on level 3 of the Dungeon.
             The game lasted 00:03:02 (2311 turns).

Gargoyl the Skirmisher (Gnoll Abyssal Knight)       Turns: 2311, Time: 00:03:02

Health: 0/41       AC: 10    Str: 14    XL:     4   Next: 77%
Magic:  7/7        EV: 11    Int:  9    God:    Lugonu [**....]
Gold:   240        SH:  0    Dex: 12    Spells: 5/5 levels left

rFire   . . .      SeeInvis .   e - +2 dagger (venom)
rCold   . . .      Faith    .   (no shield)
rNeg    . . .      Spirit   .   h - +0 ring mail
rPois   .          Reflect  .   (no helmet)
rElec   .          Harm     .   (no cloak)
rCorr   .          Rampage  .   c - +2 pair of gloves
Will    .....                   d - +0 pair of boots
Stlth   +.........              (no amulet)
HPRegen 0.13/turn               (no ring)
MPRegen 0.10/turn               (no ring)

@: hasted, very quick
A: fangs 1, strong nose, distributed training
a: Renounce Religion, Depart the Abyss, Bend Space


You were on level 3 of the Dungeon.
You worshipped Lugonu.
Lugonu was pleased with you.
You visited 1 branch of the dungeon, and saw 3 of its levels.
You visited the Abyss 1 time.

You collected 240 gold pieces.

Inventory:

Hand Weapons
 a - a +1 hand axe
 e - a +2 dagger of venom (weapon)
 f - a +0 war axe
Armour
 c - a +2 pair of gloves (worn)
 d - a +0 pair of boots (worn)
 h - a +0 ring mail (worn)
Scrolls
 b - a scroll of enchant weapon {unknown}
 j - a scroll of amnesia {unknown}


   Skills:
 + Level 6.6 Fighting
 + Level 1.2 Short Blades
 + Level 1.2 Long Blades
 + Level 4.7 Axes
 + Level 1.2 Maces & Flails
 + Level 1.2 Polearms
 + Level 1.2 Staves
 + Level 1.2 Slings
 + Level 1.2 Bows
 + Level 1.2 Crossbows
 + Level 1.2 Throwing
 + Level 4.7 Armour
 + Level 2.8 Dodging
 + Level 1.2 Stealth
 + Level 1.2 Shields
 + Level 1.2 Unarmed Combat
 + Level 1.2 Spellcasting
 + Level 1.0 Conjurations
 + Level 1.0 Hexes
 + Level 1.0 Summonings
 + Level 1.0 Necromancy
 + Level 1.0 Translocations
 + Level 1.0 Transmutations
 + Level 1.0 Fire Magic
 + Level 1.0 Ice Magic
 + Level 1.0 Air Magic
 + Level 1.0 Earth Magic
 + Level 1.0 Poison Magic
 + Level 4.7 Invocations
 + Level 1.2 Evocations


You had 5 spell levels left.
You didn't know any spells.
Your spell library was empty.

Dungeon Overview and Level Annotations

Branches:
Dungeon (3/15)

Altars:
Dithmenos
Gozag
Ru
Xom

Shops:
D:2 (

Annotations:
D:3 Grinder


Innate Abilities, Weirdness & Mutations

You have very sharp teeth.
Your uncanny sense of smell can sniff out nearby items.
Your experience applies equally to all skills.


Message History

Unknown command.
You hit Grinder.
Grinder is lightly wounded.
Grinder hits you!
You writhe in agony.
* * * LOW HITPOINT WARNING * * *
You closely miss Grinder. Your bite misses Grinder.
Grinder is lightly wounded.
Grinder barely misses you.
You barely miss Grinder. You bite Grinder.
Grinder is lightly wounded.
Grinder barely misses you.
It was a potion of haste.
You feel yourself speed up. Grinder hits you but does no damage.
You barely miss Grinder.
Grinder is lightly wounded.
Grinder blinks!
It was a potion of heal wounds.
You feel much better. Grinder gestures at you. Pain shoots through your body!
Grinder gestures at you. Pain shoots through your body!
* * * LOW HITPOINT WARNING * * *
There is a stone staircase leading up here.
You completely miss Grinder.
Grinder is lightly wounded.
Grinder hits you.
* * * LOW HITPOINT WARNING * * *
You writhe in agony.
* * * LOW HITPOINT WARNING * * *
Unknown command.
You hit Grinder. You punch Grinder, but do no damage.
Grinder is moderately wounded.
Unknown command.
You aren't carrying any potions.
Unknown command.
Okay, then.
You closely miss Grinder.
Grinder is moderately wounded.
Grinder hits you.
You die...

#.....#..# ###.##..#.
#.##5.#..###########.#.##..#.
#........##.......#........>.
####...####<####...#.#####.##
#...# #.###.###..# #... #...#
#.##..# #..######## . #...#
#.##..###..#.....(.
#.###...####.##.#.....#.......
.............@5....#.##.......
................##............
..............###.##.##.......
#.##.....#######.#............
.. #.###.# ##.###.###.......
#. #.# ##.## ##.##.†####. #.
#.# #.## ##.#..####. ..# ##.##
##.......##. .##
##.###.###..#.##.


You could see Grinder.

Vanquished Creatures
  Terence (D:2)
  2 adders (D:2)
  2 dart slugs (D:1)
  5 endoplasms
  4 giant cockroaches
  2 goblins
  5 hobgoblins (D:1)
  8 ball pythons
  3 bats
  7 frilled lizards
  15 kobolds
  5 rats
  2 toadstools (D:1)
61 creatures vanquished.

Vanquished Creatures (others)
  A plant (D:2)
  2 toadstools (D:1)
3 creatures vanquished.

Grand Total: 64 creatures vanquished

Notes
Turn   | Place    | Note
-------+----------+-------------------------------------------
     0 | Abyss:1  | Gargoyl the Gnoll Abyssal Knight began the quest for the
                  | Orb.
     0 | Abyss:1  | Reached XP level 1. HP: 23/23 MP: 3/3
    18 | Abyss:1  | Found a corrupted altar of Lugonu.
    24 | Abyss:1  | Found a corrupted altar of Lugonu.
   102 | Abyss:1  | Noticed a smoke demon
   170 | Abyss:2  | Noticed a smoke demon
   171 | D:1      | Escaped the Abyss
   488 | D:1      | Reached * piety under Lugonu
   530 | D:1      | Reached XP level 2. HP: 27/29 MP: 5/5
   900 | D:1      | Reached XP level 3. HP: 30/35 MP: 6/6
   969 | D:1      | Found a faded altar of an unknown god.
   976 | D:1      | Noticed a floating eye
   978 | D:1      | Noticed a floating eye
   978 | D:1      | Noticed an eye of devastation
   978 | D:1      | Noticed a golden eye
  1340 | D:2      | Noticed Terence
  1348 | D:2      | Killed Terence
  1349 | D:2      | Reached skill level 1 in Short Blades
  1349 | D:2      | Reached skill level 1 in Long Blades
  1349 | D:2      | Reached skill level 1 in Maces & Flails
  1349 | D:2      | Reached skill level 1 in Polearms
  1349 | D:2      | Reached skill level 1 in Staves
  1349 | D:2      | Reached skill level 1 in Slings
  1349 | D:2      | Reached skill level 1 in Bows
  1349 | D:2      | Reached skill level 1 in Crossbows
  1349 | D:2      | Reached skill level 1 in Throwing
  1349 | D:2      | Reached skill level 1 in Stealth
  1349 | D:2      | Reached skill level 1 in Shields
  1349 | D:2      | Reached skill level 1 in Unarmed Combat
  1349 | D:2      | Reached skill level 1 in Spellcasting
  1349 | D:2      | Reached skill level 1 in Evocations
  1349 | D:2      | Reached XP level 4. HP: 32/41 MP: 7/7
  1459 | D:2      | Found Riliatz's Antique Weapon Shoppe.
  1635 | D:2      | Found a sacrificial altar of Ru.
  1692 | D:2      | Reached ** piety under Lugonu
  1871 | D:2      | Reached skill level 1 in Conjurations
  1871 | D:2      | Reached skill level 1 in Hexes
  1871 | D:2      | Reached skill level 1 in Summonings
  1871 | D:2      | Reached skill level 1 in Necromancy
  1871 | D:2      | Reached skill level 1 in Translocations
  1871 | D:2      | Reached skill level 1 in Transmutations
  1871 | D:2      | Reached skill level 1 in Fire Magic
  1871 | D:2      | Reached skill level 1 in Ice Magic
  1871 | D:2      | Reached skill level 1 in Air Magic
  1871 | D:2      | Reached skill level 1 in Earth Magic
  1871 | D:2      | Reached skill level 1 in Poison Magic
  2263 | D:3      | Found a shadowy altar of Dithmenos.
  2266 | D:3      | Found a shimmering altar of Xom.
  2266 | D:3      | Found an opulent altar of Gozag.
  2269 | D:3      | Noticed Grinder
  2269 | D:3      | Paralysed by Grinder for 7 turns
  2309 | D:3      | HP: 1/41 [Grinder (6)]
  2311 | D:3      | Slain by Grinder

Illustrated notes

Levels and vault maps discovered:
D:1:      ldierk_water_garden, layout_loops_ring,
          hellmonk_ecumenical_altar_watching_god, st_stairs_11
D:2:      layout_loops_ring, basic_altar, serial_shops,
          nicolae_shop_overgrown_old_shop, uniq_terence
D:3:      minmay_chambers_of_threes, layout_loops_cross,
          grunt_temple_overflow_open, serial_shops, shop, minmay_misc_feat_room,
          uniq_sigmund, uniq_grinder

Skill      XL: |  1  2  3  4 |
---------------+-------------+-----
Short Blades   | 1 |  1.2
Long Blades    | 1 |  1.2
Maces & Flails | 1 |  1.2
Polearms       | 1 |  1.2
Staves         | 1 |  1.2
Slings         | 1 |  1.2
Bows           | 1 |  1.2
Crossbows      | 1 |  1.2
Throwing       | 1 |  1.2
Stealth        | 1 |  1.2
Shields        | 1 |  1.2
Unarmed Combat | 1 |  1.2
Spellcasting   | 1 |  1.2
Evocations     | 1 |  1.2
Conjurations   | 1 |  1.0
Hexes          | 1 |  1.0
Summonings     | 1 |  1.0
Necromancy     | 1 |  1.0
Translocations | 1 |  1.0
Transmutations | 1 |  1.0
Fire Magic     | 1 |  1.0
Ice Magic      | 1 |  1.0
Air Magic      | 1 |  1.0
Earth Magic    | 1 |  1.0
Poison Magic   | 1 |  1.0
Fighting       | |  6.6
Axes           | |  4.7
Armour         | |  4.7
Dodging        | |  2.8
Invocations    | |  4.7

Action                   |  1- 3 |  4- 6 || total
-------------------------+-------+-------++-------
Melee: Hand axe          |    25 |       ||    25
       Dagger            |    53 |    74 ||   127
       Bite              |     5 |     4 ||     9
       Punch             |     1 |     1 ||     2
Invok: Depart the Abyss  |     1 |       ||     1
  Use: Scroll            |       |     6 ||     6
       Potion            |       |     2 ||     2
Armor: Leather armour    |    20 |       ||    20
       Ring mail         |     6 |    18 ||    24
Dodge: Dodged            |    44 |    52 ||    96

Table legend: (Time is in decaauts)
 A = Elapsed time spent in this place.
 B = Non-inter-level travel time spent in this place.
 C = Inter-level travel time spent in this place.
 D = Time resting spent in this place.
 E = Time spent auto-exploring this place.
 F = Levels seen in this place.
 G = Mean time per level.
                   A        B        C        D        E       F      G
               +--------+--------+--------+--------+--------+-----+--------+
         Total |   2309 |   2274 |     35 |     34 |   1690 |   5 |  461.8 |
       Dungeon |   2138 |   2103 |     35 |     34 |   1543 |   3 |  712.7 |
         Abyss |    170 |    170 |      0 |      0 |    147 |   2 |   85.0 |
               +--------+--------+--------+--------+--------+-----+--------+

Top non-repeatable levels by time:
     D:1: 1174 daAuts
     D:2: 751 daAuts
     D:3: 212 daAuts
 Abyss:1: 108 daAuts
 Abyss:2: 62 daAuts
